 Dungeon Sprint DCSS version 0.27.1-33-g824d729ab1 (webtiles) character file.

Game seed: 8950374173787660959

973 Hipnos the Unseen (level 8, -1/72 HPs)
             Began as a Gargoyle Brigand on Dec 1, 2021.
             Was a Follower of Okawaru.
             Slain by a kobold demonologist (6 damage)
             ... in the Dungeon (Sprint I: "Red Sonja").
             The game lasted 00:01:52 (378 turns).

Hipnos the Unseen (Gargoyle Brigand)                 Turns: 378, Time: 00:01:53

Health: -1/72      AC: -7    Str: 15    XL:     8   Next: 16%
Magic:  8/8        EV: 12    Int: 12    God:    Okawaru [*.....]
Gold:   416        SH:  0    Dex: 13    Spells: 5/7 levels left

rFire    . . .     SeeInvis .   a - +2 dagger
rCold    . . .     Faith    .   (no shield)
rNeg     + . .     Spirit   .   b - +0 robe
rPois    ∞         Reflect  .   (no helmet)
rElec    +         Harm     .   c - +0 cloak
rCorr    .         Rampage  .   (no gloves)
Will     .....     NoTele   +   (no boots)
Stlth    ..........             (no amulet)
HPRegen  0.22/turn              (no ring)
MPRegen  0.11/turn              (no ring)

@: berserking, corroded, very quick
A: sickness immunity, AC +5, negative energy resistance 1, electricity
resistance, torment resistance 1, petrification resistance
a: Renounce Religion, Heroism


You were in the Dungeon.
You worshipped Okawaru.
Okawaru was aware of your devotion.
You visited 1 branch You collected 416 gold pieces.

Inventory:

Hand Weapons
 a - a +2 dagger (weapon)
Missiles
 d - 3 poisoned darts (quivered)
Armour
 b - a +0 robe (worn)
 c - a +0 cloak (worn)
Wands
 l - a wand of digging (6)
Scrolls
 k - a scroll of blinking
 m - a scroll of identify {unknown}
Potions
 f - a potion of curing
 h - a potion of haste
 i - 2 potions of magic


   Skills:
 + Level 4.5 Fighting
 + Level 3.8 Short Blades
 * Level 5.8 Throwing
 + Level 2.2 Dodging
 * Level 16.8 Stealth
 * Level 2.8 Hexes


You had 5 spell levels left.
You knew the following spells:

 Your Spells              Type           Power      Damage    Failure   Level
a - Slow                  Hex            6%         N/A       16%         2

Your spell library contained the following spells:

 Spells                   Type           Power      Damage    Failure   Level
 Confusing Touch          Hex            6%         N/A       30%         3
 Yara's Violent Unravell  Hex/Tmut       1%         3d3       99%         5


Dungeon Overview and Level Annotations

Branches:
Dungeon (1/1)

Altars:
Cheibriados
Dithmenos
Elyvilon
Fedhas
Gozag
Hepliaklqana
Kikubaaqudgha
Makhleb
Nemelex Xobeh
Okawaru
Qazlal
Ru
Sif Muna
Trog
Uskayaw
Vehumet
Wu Jian
Xom
Yredelemnul
Zin
The Shining One
Jiyva
Lugonu

Shops:
D :


Innate Abilities, Weirdness & Mutations

You are immune to sickness and miasma.
Your stone body is resilient. (AC +5)
You are immune to poison.
You resist negative energy. (rN+)
You are resistant to electric shocks. (rElec)
You are resistant to unholy torment.
You are immune to petrification.


Message History

You feel yourself moving faster!
You feel mighty! The rust devil hits you! The rust devil corrodes you!
The quasit misses you. The quasit claws you.
You feel clumsy. The quasit misses you.
The ynoxinul gestures.
The kobold demonologist hits you with a +0 dagger.
* * * LOW HITPOINT WARNING * * *
The kobold demonologist hits you with a +0 dagger.
* * * LOW HITPOINT WARNING * * *
You puncture the kobold demonologist!
You kill the kobold demonologist!
Okawaru is honoured by your kill.
You can now gain great but temporary skills.
The rust devil disappears in a puff of smoke!
The ynoxinul disappears in a puff of smoke!
The ufetubus disappears in a puff of smoke! x2
The kobold demonologist is no longer moving slowly.
The quasit closely misses you. The quasit claws you.
* * * LOW HITPOINT WARNING * * *
The quasit claws you.
* * * LOW HITPOINT WARNING * * *
You feel your dexterity returning.
You have reached level 8!
You feel clever.
You hit the kobold demonologist.
The kobold demonologist is moderately wounded.
The kobold demonologist hits you with a +0 dagger.
* * * LOW HITPOINT WARNING * * *
The quasit barely misses you. The quasit misses you.
The quasit barely misses you.
You barely miss the kobold demonologist.
The kobold demonologist is moderately wounded.
The quasit closely misses you. The quasit claws you.
* * * LOW HITPOINT WARNING * * *
The quasit claws you.
* * * LOW HITPOINT WARNING * * *
You hit the kobold demonologist but do no damage.
The kobold demonologist is moderately wounded.
The kobold demonologist hits you with a +0 dagger.
You die...

####################
'..#.)'..#__#..5@5(#
#.)'..#..'..'..#K5§#
##'#####'#__####(..+
#..#...#.#### #####
####..##.#
___##'#_.+
∩..†'..._#
.__##_.#'#
___###+#.#


You could see a kobold demonologist (very poisoned), an iron imp (summoned), a
quasit (summoned) and a white imp (summoned).

Vanquished Creatures
  A kobold demonologist (D)
  A slime creature (D)
  Sigmund (D)
  A yak (D)
  A floating eye (D)
  An ogre (D)
  A jelly (D)
  Ijyb (D)
8 creatures vanquished.

Notes
Turn   | Place    | Note
-------+----------+-------------------------------------------
     0 | D        | Hipnos the Gargoyle Brigand began the quest for the Orb.
     0 | D        | Reached XP level 1. HP: 12/12 MP: 1/1
     1 | D        | Noticed Ijyb
    23 | D        | Killed Ijyb
    24 | D        | Reached skill level 1 in Dodging
    24 | D        | Reached skill level 7 in Stealth
    24 | D        | Reached XP level 2. HP: 5/18 MP: 2/2
    24 | D        | Reached XP level 3. HP: 7/22 MP: 3/3
   237 | D        | Noticed an ogre
   240 | D        | Killed an ogre
   241 | D        | Reached skill level 10 in Stealth
   241 | D        | Reached XP level 4. HP: 27/27 MP: 4/4
   250 | D        | Noticed Sigmund
   253 | D        | Killed Sigmund
   254 | D        | Reached skill level 13 in Stealth
   254 | D        | Reached XP level 5. HP: 32/32 MP: 5/5
   254 | D        | Reached XP level 6. HP: 37/37 MP: 6/6
   265 | D        | Found an ornate altar of the Wu Jian Council.
   265 | D        | Found a shimmering blue altar of Sif Muna.
   267 | D        | Found a radiant altar of Vehumet.
   274 | D        | Found Obleecun's Book Emporium.
   274 | D        | Found an ancient bone altar of Kikubaaqudgha.
   274 | D        | Found a hazy altar of Hepliaklqana.
   274 | D        | Found a stormy altar of Qazlal.
   274 | D        | Found a hide-covered altar of Uskayaw.
   274 | D        | Found a blossoming altar of Fedhas.
   274 | D        | Found a bloodstained altar of Trog.
   274 | D        | Found an iron altar of Okawaru.
   274 | D        | Found a basalt altar of Yredelemnul.
   274 | D        | Found a glowing golden altar of the Shining One.
   274 | D        | Found a snail-covered altar of Cheibriados.
   274 | D        | Found a sacrificial altar of Ru.
   274 | D        | Found a glowing silver altar of Zin.
   274 | D        | Found a shadowy altar of Dithmenos.
   274 | D        | Found a white marble altar of Elyvilon.
   274 | D        | Noticed a yak
   275 | D        | Found an opulent altar of Gozag.
   276 | D        | Killed a yak
   277 | D        | Reached skill level 5 in Throwing
   277 | D        | Reached skill level 14 in Stealth
   277 | D        | Reached XP level 7. HP: 42/42 MP: 7/7
   277 | D        | Found a sparkling altar of Nemelex Xobeh.
   282 | D        | Became a worshipper of Warmaster Okawaru
   329 | D        | Learned a level 2 spell: Slow
   342 | D        | Found a burning altar of Makhleb.
   342 | D        | Found a viscous altar of Jiyva.
   342 | D        | Found a shimmering altar of Xom.
   342 | D        | Found a corrupted altar of Lugonu.
   342 | D        | Noticed a slime creature
   345 | D        | Killed a slime creature
   346 | D        | Reached skill level 15 in Stealth
   346 | D        | Reached skill level 1 in Hexes
   357 | D        | Noticed a kobold demonologist
   358 | D        | Noticed a kobold demonologist
   361 | D        | Reached skill level 16 in Stealth
   363 | D        | Noticed a rust devil
   367 | D        | Noticed a ynoxinul
   375 | D        | Killed a kobold demonologist
   375 | D        | Reached * piety under Okawaru
   376 | D        | Reached XP level 8. HP: 12/48 MP: 8/8
   378 | D        | Slain by a kobold demonologist

Illustrated notes

Levels and vault maps discovered:
D:        dungeon_sprint_1 [red_sonja_temple_1, red_sonja_temple_small_1]

Skill      XL: |  1  2  3  4  5  6  7 |
---------------+----------------------+-----
Short Blades   | 2 3 |  3.8
Throwing       | 2 3 4 5 |  5.8
Dodging        | 1 2 |  2.2
Stealth        | 7 10 13 14 16 | 16.8
Fighting       | 3 4 |  4.5
Hexes          | 2 |  2.8

Action                   |  1- 3 |  4- 6 |  7- 9 || total
-------------------------+-------+-------+-------++-------
Melee: Dagger            |    21 |     3 |    11 ||    35
Throw: Dart              |       |       |     7 ||     7
  Use: Potion            |       |       |     2 ||     2
 Stab: Sleeping          |     2 |     3 |     2 ||     7
Armor: Robe              |     6 |       |     1 ||     7
Dodge: Dodged            |     7 |       |    14 ||    21
